 Dungeon Crawl Stone Soup version 0.28-a0-385-g79de503ca0 (webtiles) character file.

Game seed: 2572752492021650745

32 McIrco the Shield-Bearer (level 3, -2/33 HPs)
             Began as a Minotaur Fighter on Sept 3, 2021.
             Slain by an iguana (7 damage)
             ... on level 5 of the Dungeon.
             The game lasted 00:00:36 (312 turns).

McIrco the Shield-Bearer (Minotaur Fighter)          Turns: 312, Time: 00:00:37

Health: -2/33      AC:  7    Str: 20    XL:     3   Next: 8%
Magic:  2/2        EV:  9    Int:  6    God:
Gold:   56         SH:  4    Dex:  9    Spells: 2/2 levels left

rFire   . . .      SeeInvis .   a - +0 war axe
rCold   . . .      Faith    .   c - +0 buckler
rNeg    . . .      Spirit   .   b - +0 scale mail
rPois   .          Reflect  .   (helmet restricted)
rElec   .          Harm     .   (no cloak)
rCorr   .          Rampage  .   (no gloves)
Will    .....                   (no boots)
Stlth   ..........              (no amulet)
HPRegen 0.11/turn               (no ring)
MPRegen 0.08/turn               (no ring)

@: no status effects
A: horns 2, retaliatory headbutt
a: no special abilities


You were on level 5 of the Dungeon.
You visited 1 branch of the dungeon, and saw 4 of its levels.

You collected 56 gold pieces.

Inventory:

Hand Weapons
 a - a +0 war axe (weapon)
Armour
 b - a +0 scale mail (worn)
 c - a +0 buckler (worn)
Scrolls
 e - a scroll of identify {unknown}
Potions
 d - a potion of might


   Skills:
 + Level 4.0 Fighting
 + Level 2.7 Axes
 + Level 4.1 Armour
 + Level 0.1 Dodging
 + Level 4.2 Shields


You had 2 spell levels left.
You didn't know any spells.
Your spell library was empty.

Dungeon Overview and Level Annotations

Branches:
Dungeon (5/15)
 Temple: D:4-7

Altars:


Innate Abilities, Weirdness & Mutations

You have a pair of horns on your head.
You reflexively headbutt those who attack you in melee.


Message History

You kill the goblin!
The iguana bites you but does no damage.
You hit the iguana.
The iguana is lightly wounded.
The iguana closely misses you.
You closely miss the iguana.
The iguana is lightly wounded.
The iguana bites you!
The iguana bites you but does no damage.
You closely miss the iguana.
The iguana is lightly wounded.
The iguana bites you but does no damage.
You see here 11 bolts.
Found 13 arrows.
There is an escape hatch in the floor here.
The iguana bites you.
You slide downwards.
The hatch slams shut behind you.
Sorry, you're not good enough to have a special ability.
Sorry, you're not good enough to have a special ability.
Sorry, you're not good enough to have a special ability.
Sorry, you're not good enough to have a special ability.
Sorry, you're not good enough to have a special ability.
Sorry, you're not good enough to have a special ability.
Sorry, you're not good enough to have a special ability.
Sorry, you're not good enough to have a special ability.
Sorry, you're not good enough to have a special ability.
Sorry, you're not good enough to have a special ability.
The iguana bites you! The iguana barely misses you.
You block the iguana's attack. The iguana bites you.
* * * LOW HITPOINT WARNING * * *
The iguana bites you but does no damage.
The iguana barely misses you.
The iguana bites you but does no damage.
The iguana closely misses you. You furiously retaliate!
You headbutt the iguana.
The iguana hisses menacingly.
The iguana bites you!
You die...

####### .
#.....#
..#.....#
........#
#....l#
#....@#
#######


You could see an iguana.

Vanquished Creatures
  A hound (D:4)
  A bat (D:1)
  A goblin (D:4)
  A kobold (D:1)
  A rat (D:1)
5 creatures vanquished.

Notes
Turn   | Place    | Note
-------+----------+-------------------------------------------
     0 | D:1      | McIrco the Minotaur Fighter began the quest for the Orb.
     0 | D:1      | Reached XP level 1. HP: 19/19 MP: 0/0
   152 | D:2      | You fall into a shaft and drop 2 floors!
   170 | D:4      | Noticed a hound
   181 | D:4      | Killed a hound
   182 | D:4      | Reached XP level 2. HP: 22/27 MP: 1/1
   182 | D:4      | Reached XP level 3. HP: 28/33 MP: 2/2
   303 | D:5      | Entered Level 5 of the Dungeon
   312 | D:5      | Slain by an iguana

Illustrated notes

Levels and vault maps discovered:
D:1:      moated_graveyard_arrival, layout_basic, ebering_ecumenical_altar_mist,
          minmay_misc_feat_plants, interstate_on_off
D:2:      layout_rooms, kennysheep_nub, kennysheep_generic_room_14
D:4:      layout_basic, nicolae_yredelemnul_corpse_copse,
          hangedman_decor_riveting, grunt_ministairs_11
D:5:      layout_loops_cross, lemuel_doored_altar, grunt_decor_junction

Skill      XL: |  1 |
---------------+----+-----
Fighting       | 4 |  4.0
Armour         | 4 |  4.1
Shields        | 4 |  4.2
Axes           | |  2.7
Dodging        | |  0.1

Action                   || total
-------------------------++-------
Melee: War axe           ||    10
       Headbutt          ||     3
Armor: Scale mail        ||    14
Dodge: Dodged            ||    15
Block: Buckler           ||     5

Table legend: (Time is in decaauts)
 A = Elapsed time spent in this place.
 B = Non-inter-level travel time spent in this place.
 C = Inter-level travel time spent in this place.
 D = Time resting spent in this place.
 E = Time spent auto-exploring this place.
 F = Levels seen in this place.
 G = Mean time per level.
                   A        B        C        D        E       F      G
               +--------+--------+--------+--------+--------+-----+--------+
         Total |    315 |    308 |      7 |      0 |    235 |   4 |   78.8 |
       Dungeon |    315 |    308 |      7 |      0 |    235 |   4 |   78.8 |
               +--------+--------+--------+--------+--------+-----+--------+

Top non-repeatable levels by time:
     D:4: 152 daAuts
     D:1: 150 daAuts
     D:5: 8 daAuts
     D:2: 2 daAuts
